 Dungeon Crawl Stone Soup version 0.30.0-13-g156ef70053 (webtiles) character file.

Game seed: 10158291948415247673

56 Theoretic the Trooper (level 4, -2/37 HPs)
             Began as a Formicid Enchanter on May 17, 2023.
             Killed from afar by Natasha (5 damage)
             ... with a magic dart
             ... on level 2 of the Dungeon.
             The game lasted 00:02:57 (1227 turns).

Theoretic the Trooper (Formicid Enchanter)          Turns: 1227, Time: 00:02:58

Health: -2/37      AC:  9    Str: 15    XL:     4   Next: 15%
Magic:  7/7        EV:  7    Int: 14    God:
Gold:   60         SH:  0    Dex: 14    Spells: 7/7 levels left

rFire   . . .        a - +2 short sword (vamp)
rCold   . . .        (no shield)
rNeg    . . .        i - +0 chain mail
rPois   .            (helmet unavailable)
rElec   .            (no cloak)
rCorr   .            (no gloves)
SInv    +            g - +0 pair of boots
Will    .....        (no amulet) Stlth
                     (no ring)
HPRegen 0.26/turn    (no ring)
MPRegen 0.10/turn

%: no passive effects
@: invisible
A: permanent stasis, dig shafts and tunnels, antennae 3, four strong arms
a: Dig, Shaft Self


You were on level 2 of the Dungeon.
You visited 1 branch of the dungeon, and saw 2 of its levels.

You collected 60 gold pieces.

Inventory:

Hand Weapons
 a - a +2 vampiric short sword (weapon)
Missiles
 j - 19 stones
 l - 6 javelins
Armour
 b - a +0 robe
 g - a +0 pair of boots (worn)
 i - a +0 chain mail (worn)
Scrolls
 e - a scroll of poison {unknown}
 f - 4 scrolls of identify {unknown}
 h - a scroll of magic mapping {unknown}
 n - a scroll of brand weapon {unknown}
 p - a scroll of vulnerability {unknown}
 q - a scroll of immolation {unknown}
 s - a scroll of teleportation {unknown}
Potions
 c - a potion of invisibility
 d - a potion of might {unknown}
 k - a potion of curing {unknown}
 m - a potion of ambrosia {unknown}
 o - a potion of brilliance {unknown}
 r - a potion of haste {unknown}


   Skills:
 + Level 3.8 Fighting
 - Level 1.0 Short Blades
 - Level 1.7 Dodging
 - Level 3.6 Stealth
 - Level 2.1 Spellcasting
 - Level 3.6 Hexes


You had 7 spell levels left.
You didn't know any spells.
Your spell library contained the following spells:

 Spells                   Type           Power      Damage    Failure   Level
 Ensorcelled Hibernation  Hex/Ice        12%        N/A       95%         2
 Confusing Touch          Hex            11%        N/A       95%         3
 Tukima's Dance           Hex            11%        N/A       95%         3
 Dazzling Flash           Conj/Hex       12%        N/A       99%         3


Dungeon Overview and Level Annotations

Branches:
Dungeon (2/15)

Altars:

Annotations:
D:2 Natasha


Innate Abilities, Weirdness & Mutations

You cannot be hasted, slowed, berserked, paralysed or teleported.
You can dig through walls and to a lower floor.
You have a pair of large antennae on your head. (SInv)
Your four strong arms can wield two-handed weapons with a shield.


Message History

Natasha claws you. The cerulean imp barely misses you.
The cerulean imp hits you but does no damage.
You closely miss Natasha.
Natasha is heavily wounded.
Natasha claws you but does no damage.
You barely miss Natasha.
Natasha is heavily wounded.
The cerulean imp closely misses you.
The cerulean imp hits you but does no damage.
Natasha claws you.
You hit Natasha.
You feel better.
Natasha is heavily wounded.
The cerulean imp hits you but does no damage. x2
Natasha barely misses you.
You miss Natasha.
Natasha is heavily wounded.
The cerulean imp hits you with a +0 spear.
The cerulean imp hits you but does no damage.
Natasha claws you.
You closely miss Natasha.
Natasha is heavily wounded.
The cerulean imp hits you but does no damage.
The cerulean imp hits you with a +2 spear.
Natasha claws you.
* * * LOW HITPOINT WARNING * * *
You barely miss Natasha.
Natasha is heavily wounded.
The cerulean imp closely misses you.
The cerulean imp hits you with a +2 spear.
* * * LOW HITPOINT WARNING * * *
Natasha claws you.
* * * LOW HITPOINT WARNING * * *
You fade into invisibility!
The cerulean imp hits you but does no damage. x2
Natasha claws you!
* * * LOW HITPOINT WARNING * * *
Natasha attacks as you move away! Natasha barely misses you.
Natasha stares at you and mumbles some strange words.
The magic dart hits you.
You die...

......#####....##....<..# ###
......# #.##..>.......# #..
......#####.#####.......# #..
.)....##.......##.......### #..
.......#.......##.#.......#####..
...............#..#.....#........
.....)#...........#############..
..................###### #..
.............5..@...)..#### #..
........#...5h#####.......### #†.
...............###..........###..
#............h..##...>...##...###
................##............#
#)..............###)...<..#...#
#.....[.>...>...........#######
................##.......#
##.............###....<..#


You could see Natasha and 2 cerulean imps.

Vanquished Creatures
  Natasha (D:2)
  A dart slug (D:2)
  4 ball pythons (D:1)
  An endoplasm (D:1)
  A giant cockroach (D:1)
  8 goblins
  2 hobgoblins
  4 kobolds
  A quokka (D:2)
  3 rats (D:1)
26 creatures vanquished.

Notes
Turn   | Place    | Note
-------+----------+-------------------------------------------
     0 | D:1      | Theoretic the Formicid Enchanter began the quest for the
                  | Orb.
     0 | D:1      | Reached XP level 1. HP: 13/13 MP: 3/3
    89 | D:1      | Reached skill level 1 in Fighting
   199 | D:1      | Reached XP level 2. HP: 22/22 MP: 5/5
   959 | D:2      | Reached XP level 3. HP: 28/28 MP: 6/6
  1085 | D:2      | Noticed Natasha
  1098 | D:2      | Killed Natasha
  1099 | D:2      | Reached XP level 4. HP: 31/37 MP: 7/7
  1208 | D:2      | Noticed Natasha
  1227 | D:2      | Killed from afar by Natasha

Illustrated notes

Levels and vault maps discovered:
D:1:      giann_horns, layout_basic, minivault_23
D:2:      layout_rooms, amcnicky_mini_corridor_feature, uniq_natasha

Skill      XL: |  1  2  3 |
---------------+----------+-----
Fighting       | 1 2 3 |  3.8
Short Blades   | |  1.0
Dodging        | |  1.7
Stealth        | |  3.6
Spellcasting   | |  2.1
Hexes          | |  3.6

Action                     |  1- 3 |  4- 6 || total
---------------------------+-------+-------++-------
  Melee: Dagger            |    52 |       ||    52
         Short sword       |    32 |    21 ||    53
         Punch             |     1 |       ||     1
    Use: Potion            |       |     1 ||     1
   Stab: Sleeping          |     3 |       ||     3
 Armour: Robe              |     3 |       ||     3
         Chain mail        |    27 |    17 ||    44
  Dodge: Dodged            |    40 |     9 ||    49
